 Dungeon Crawl Stone Soup version 0.30-a0-883-g5ad918d77d (webtiles) character file.

Game seed: 8720157008955641622

90255 Firecrotchwizard the Brawler (level 16, -8/92 HPs)
             Began as a Vine Stalker Monk on Mar 17, 2023.
             Was the Champion of Makhleb.
             Succumbed to a sea snake's poison
             ... on level 1 of the Shoals.
             The game lasted 01:08:24 (23523 turns).

Firecrotchwizard the Brawler (Vine Stalker Monk)   Turns: 23523, Time: 01:08:25

Health: -8/92      AC: 28    Str: 20    XL:     16   Next: 0%
Magic:  11/27      EV: 13    Int: 18    God:    Makhleb [******]
Gold:   1009       SH:  0    Dex: 19    Spells: 13/15 levels left

rFire   + . .      SeeInvis .      - Unarmed
rCold   + + +      Faith    .    (no shield)
rNeg    . . .      Spirit   +    Q - +7 troll leather armour of Context {rF+ Regen+ Int+5}
rPois   .          Reflect  .    m - +2 helmet
rElec   .          Rampage  +    n - +2 cloak of Nigaonor {rC+ Will+}
rCorr   .                        r - +2 pair of gloves
Will    ++++.                    I - +2 pair of boots {rampage}
Stlth   +++                      u - amulet of the acrobat
HPRegen 1.95/turn                W - ring of willpower
MPRegen 0.20/turn                k - ring "Myummuph" {rC++ AC+4 Int+3}

@: lethally poisoned (-8 -> -64), studying Fighting
A: fangs 3, regeneration 1, magic shield, antimagic bite, no potion heal 2
a: Renounce Religion, Minor Destruction, Lesser Servant of Makhleb, Major
Destruction, Greater Servant of Makhleb


You were on level 1 of the Shoals.
You worshipped Makhleb.
Makhleb was exalted by your worship.
You visited 4 branches of the dungeon, and saw 23 of its levels.
You also visited: Sewer and Volcano.

You collected 3086 gold pieces.
You spent 2077 gold pieces at shops.

Inventory:

Missiles
 h - 6 curare-tipped darts
 p - 5 throwing nets {!d}
 s - 26 stones (quivered)
 t - 5 atropa-tipped darts
 w - 13 poisoned darts
 C - a boomerang of dispersal {=f}
Armour
 m - a +2 helmet (worn)
   (You found it on level 3 of the Dungeon)
 n - the +2 cloak of Nigaonor (worn) {rC+ Will+}
   (You acquired it on level 5 of the Dungeon)

   rC:        It protects you from cold.
   Will:      It increases your willpower.
 o - a scarf of repulsion
   (You found it on level 1 of the Shoals)
 r - a +2 pair of gloves (worn)
   (You found it on level 3 of the Dungeon)
 I - a +2 pair of boots of rampaging (worn)
   (You bought it in a shop on level 1 of the Orcish Mines)
 Q - the +7 troll leather armour of Context (worn) {rF+ Regen+ Int+5}
   (You bought it in a shop on level 1 of the Dungeon)

   Int:       It affects your intelligence (+5).
   rF:        It protects you from fire.
   Regen:     It increases your rate of health regeneration.
Jewellery
 b - a ring of poison resistance {rPois, !d}
   (You found it on level 2 of the Lair of Beasts)
 k - the ring "Myummuph" (right hand) {rC++ AC+4 Int+3}
   (You acquired it on level 5 of the Dungeon)

   [ring of protection]

   AC:        It affects your AC (+4).
   Int:       It affects your intelligence (+3).
   rC:        It greatly protects you from cold.
 u - an amulet of the acrobat (around neck)
   (You found it on level 14 of the Dungeon)
 x - a ring of magical power {MP+9}
   (You found it on level 11 of the Dungeon)
 A - a ring of positive energy {rN+}
   (You found it on level 3 of the Dungeon)
 F - a ring of protection from fire {rF+, !d}
   (You found it on level 2 of the Dungeon)
 N - a ring of positive energy {rN+}
   (You found it on level 10 of the Dungeon)
 V - a ring of see invisible {sInv, !d}
   (You found it on level 5 of the Lair of Beasts)
 W - a ring of willpower (left hand)
   (You found it on level 9 of the Dungeon)
 Z - the ring of Naphoar {Fire Int+5 Dex+2 Stlth+}
   (You found it on level 5 of the Lair of Beasts)

   [ring of fire]

   It enhances your fire magic.
   Int:       It affects your intelligence (+5).
   Dex:       It affects your dexterity (+2).
   rF:        It protects you from fire.
   rC:        It makes you vulnerable to cold.
   Stlth:     It makes you more stealthy.
Wands
 e - a wand of charming (5)
   (You found it on level 2 of the Lair of Beasts)
 f - a wand of light (20)
   (You found it on level 6 of the Dungeon)
 j - a wand of polymorph (6)
   (You found it on level 15 of the Dungeon)
 y - a wand of mindburst (6)
   (You found it on level 11 of the Dungeon)
Scrolls
 a - a scroll of enchant armour
 i - a scroll of poison {!r}
 q - 3 scrolls of amnesia
 z - a scroll of butterflies
 D - 2 scrolls of blinking {!r}
 E - 3 scrolls of fear
 K - 2 scrolls of fog
 O - a scroll of silence
 Y - 5 scrolls of teleportation {@r3}
Potions
 c - 4 potions of might
 d - 4 potions of attraction {!q}
 v - 2 potions of invisibility
 B - 4 potions of brilliance
 G - 2 potions of ambrosia {!q}
 H - 6 potions of haste
 J - 9 potions of curing {@q1}
 L - 4 potions of flight
 M - 2 potions of magic
 P - 3 potions of lignification {!q}
 R - 2 potions of resistance
 T - 2 potions of berserk rage {!q}
 U - 5 potions of mutation {!q}
 X - a potion of cancellation
Miscellaneous
 g - a tin of tremorstones (2/2)
   (You found it on level 1 of the Lair of Beasts)
 l - a condenser vane
   (You found it on level 2 of the Lair of Beasts)


   Skills:
 + Level 13.6 Fighting
 + Level 3.1 Armour
 - Level 3.1 Dodging
 - Level 4.5 Stealth
 - Level 19.2 Unarmed Combat
 + Level 14.0 Invocations


You had 13 spell levels left.
You knew the following spells:

 Your Spells              Type           Power      Damage    Failure   Level
b - Blink                 Tloc           0%         N/A       36%         2

Your spell library contained the following spells:

 Spells                   Type           Power      Damage    Failure   Level
 Necrotise                Necr           0%         1d4       26%         1
 Shock                    Conj/Air       0%         1d3       26%         1
 Lesser Beckoning         Tloc           0%         N/A       36%         2
 Momentum Strike          Conj/Tloc      0%         3d8       36%         2
 Scorch                   Fire           0%         2d5       36%         2
 Static Discharge         Conj/Air       0%         2-2/arc   36%         2
 Sublimation of Blood     Necr           0%         N/A       36%         2
 Wereblood                Tmut           0%         N/A       36%         2
 Gell's Gravitas          Tloc           0%         N/A       58%         3
 Summon Guardian Golem    Hex/Summ       0%         N/A       58%         3
 Swiftness                Air            0%         N/A       58%         3
 Teleport Other           Tloc           0%         N/A       58%         3
 Vampiric Draining        Necr           0%         2d6       58%         3
 Vhi's Electric Charge    Tloc/Air       0%         N/A       58%         3
 Airstrike                Air            0%         2d(0-16)  94%         4
 Anguish                  Hex/Necr       0%         N/A       94%         4
 Cause Fear               Hex            0%         N/A       94%         4
 Flame Wave               Conj/Fire      0%         2d4       94%         4
 Manifold Assault         Tloc           0%         N/A       94%         4
 Petrify                  Tmut/Erth      0%         N/A       94%         4
 Agony                    Necr           0%         N/A       100%        5
 Arcjolt                  Conj/Air       0%         1d10      100%        5
 Lightning Bolt           Conj/Air       0%         1d11      100%        5
 Metabolic Englaciation   Hex/Ice        0%         N/A       100%        5
 Statue Form              Tmut/Erth      0%         N/A       100%        6
 Summon Cactus Giant      Summ           0%         N/A       100%        6
 Dragon Form              Tmut           0%         N/A       100%        7
 Enfeeble                 Hex            0%         N/A       100%        7
 Orb of Destruction       Conj           0%         9d5       100%        7
 Spellforged Servitor     Conj/Summ      0%         N/A       100%        7
 Storm Form               Tmut/Air       0%         N/A       100%        7
 Summon Hydra             Summ           0%         N/A       100%        7
 Dragon's Call            Summ           0%         N/A       100%        9


Dungeon Overview and Level Annotations

Branches:
Dungeon (15/15)            Temple (0/1) D:6            Lair (5/5) D:10
 Shoals (1/4) Lair:3        Snake (0/4) Lair:2        Slime (0/5) Lair:5
    Orc (2/2) D:10            Elf (0/3) Orc:2        Vaults (0/5) D:13
 Depths (0/4) D:15          Sewer (visited)         Volcano (visited)

Altars:
Ashenzari
Elyvilon
Fedhas
Gozag
Hepliaklqana
Makhleb
Nemelex Xobeh
Okawaru
Qazlal
Vehumet
Wu Jian
Yredelemnul
Zin
The Shining One
Jiyva
Lugonu

Shops:
D:1 **(:*   D:5 !   D:7 !?(   Orc:1 [   Orc:2 (!(?   Shoals:1 :

Portals:
Abyss: D:13
Trove: D:14 (give horn of Geryon)

Annotations:
D:10 exclusion: door
D:13 2 runed translucent doors
D:14 2 transporters, exclusion: 4 skeletal warriors, Rudyous's ghost, journeyman GnCj


Innate Abilities, Weirdness & Mutations

You have razor-sharp teeth.
Your natural rate of healing is unusually fast.
When hurt, damage is shared between your health and your magic reserves.
Your bite disrupts and absorbs the magic of your enemies.
Potions cannot restore your health.


Message History

You regained 3 hp, and now have 22/86 hp.
You start resting.
Splash!
You fall into the shallow water.
Moving in this stuff is going to be slow.
You regained 35 hp, and now have 57/86 hp.
You regained 3 mp, and now have 8/26 mp.
You regained 3 hp, and now have 60/86 hp.
You regained 2 hp, and now have 62/86 hp.
You start resting.
Health restored: 86; MP restored: 26
Okay, then.
You enter the shallow water.
Moving in this stuff is going to be slow.
You enter the shallow water.
Moving in this stuff is going to be slow.
A wind drake is nearby!
Unknown command.
You rampage towards the wind drake!
You rampage towards the wind drake!
You strike the helpless wind drake from behind!
You pummel the wind drake!! You bite the wind drake! You drain its power.
The wind drake bites you but does no damage.
You pummel the wind drake!! Your bite misses the wind drake.
The wind drake exhales a fierce blast of wind!
You are knocked back by the gust of wind.
You rampage towards the wind drake!
The wind drake completely misses you.
You hit the wind drake. Your bite misses the wind drake.
The wind drake flaps its wings at you. The air twists around and strikes you!!
You take 16 damage, and have 70/86 hp.
You now have 21/26 mp.
You pummel the wind drake!!
You kill the wind drake!
Makhleb accepts your kill.
You feel better.
You regained 7 hp, and now have 77/86 hp.
A manticore comes into view.
Health restored: 86; MP restored: 26 You enter the shallow water.
Moving in this stuff is going to be slow.
You rampage towards the manticore!
A merfolk comes into view. It is wielding a +0 trident.
Found a stone staircase leading down.
You rampage towards the manticore!
The helpless manticore fails to defend itself.
You pummel the manticore like a punching bag!!!
You kill the manticore!
Makhleb accepts your kill.
A sea snake comes into view.
The sea snake hisses angrily.
You rampage towards the merfolk!
You rampage towards the merfolk!
You enter the shallow water.
Moving in this stuff is going to be slow.
Your unstable footing causes you to fumble your attack.
The helpless merfolk fails to defend itself.
You pummel the merfolk!! The sea snake barely misses you.
The merfolk hits you with a +0 trident!
You take 10 damage, and have 76/86 hp.
You now have 23/26 mp.
Your unstable footing causes you to fumble your attack.
The sea snake bites you.
You are poisoned.
The sea snake poisons you!
You take 2 damage, and have 74/86 hp.
You now have 22/26 mp.
You pummel the merfolk!!
You kill the merfolk!
Makhleb accepts your kill.
You feel better.
You hear a splash.
You feel extremely sick. The sea snake bites you.
You are more poisoned.
The sea snake poisons you!
You have reached level 16!
You feel agile.
You now have 21/27 mp.
You feel extremely sick. The sea snake completely misses you.
The sea snake bites you.
You are lethally poisoned!
The sea snake poisons you!
You take 29 damage, and have 46/92 hp.
MASSIVE DAMAGE!!
You now have 19/27 mp.
You punch the sea snake! Your punch misses the sea snake.
You bite the sea snake. You drain its power.
You feel invigorated.
You feel extremely sick.
You take 15 damage, and have 31/92 hp.
You regained 2 mp, and now have 21/27 mp.
You hit the sea snake. Your bite misses the sea snake.
* * * LOW HITPOINT WARNING * * *
You feel extremely sick.
The sea snake bites you but does no damage.
You take 13 damage, and have 18/92 hp.
You hit the sea snake but do no damage. Your bite misses the sea snake.
* * * LOW HITPOINT WARNING * * *
You feel extremely sick. The sea snake bites you!
* * * LOW HITPOINT WARNING * * *
You take 16 damage, and have 2/92 hp.
You now have 11/27 mp.
You barely miss the sea snake. Your bite misses the sea snake.
You die...

.....~.....# .~~~~.P
...........###.≈≈≈~P.
.~~...##..~##>.≈≈≈... .
..........≈.#...~..## ..
.......~.~≈~..~.....#..P
.......~..~~.~~........~
...............!P...P..P
.................~....~~
...........~≈~.S@.....~P
≈........#.....~.....~P≈
≈≈............~~)~..~~~≈
≈≈...........~~~~~~~P~≈≈
.............~~≈≈≈~~~≈≈≈
≈≈...........~~≈≈≈≈≈≈≈≈≈
≈≈...........~~≈≈≈~~~≈≈≈
≈.....~..~~~~~~≈≈≈...~~≈
~~....~~~~~~~~≈≈≈≈~...~


You could see a sea snake.

Vanquished Creatures
  A dire elephant (Lair:5)
  Snorg (Lair:3)
  An ettin (Orc:1)
  2 ice dragons (D:15)
  3 hydras
  A catoblepas (Lair:3)
  2 ogre magi
  Erica (D:10)
  A merfolk avatar (Lair:5)
  7 centaur warriors
  3 boulder beetles
  8 two-headed ogres
  A tengu warrior (D:14)
  3 orc high priests (Orc:2)
  A hell knight (Volcano)
  A skyshark (Shoals:1)
  3 sea snakes (Shoals:1)
  13 harpies (Shoals:1)
  4 orc knights (Orc:2)
  3 deep elf pyromancers
  6 orc sorcerers (Orc:2)
  2 oklob plants
  2 fauns (Shoals:1)
  2 cyclopes
  4 manticores
  18 ugly things
  3 black mambas
  3 water nymphs (Shoals:1)
  A merfolk siren (Shoals:1)
  12 elephants
  2 molten gargoyles (Volcano)
  10 cane toads
  15 rime drakes
  5 komodo dragons
  2 efreet
  2 tengu conjurers
  5 wind drakes
  4 merfolk (Shoals:1)
  3 trolls
  A hornet (Lair:5)
  A wolf spider simulacrum (D:15)
  10 blink frogs
  5 dream sheep
  3 snapping turtles
  A jumping spider (shapeshifter) (D:14)
  Sigmund (D:6)
  14 slime creatures
  24 yaks
  15 basilisks
  5 wyverns (Lair:3)
  8 water elementals
  3 steam dragons
  A fire bat (Volcano)
  5 vampire mosquitoes
  A human (D:6)
  Edmund (D:5)
  4 wargs
  3 nagas (Lair:2)
  5 acid dragons
  11 water moccasins
  A hell hound (Lair:3)
  A sky beast (D:8)
  Pargi (Sewer)
  13 orc warriors
  A black bear (D:6)
  An ice beast (D:5)
  3 ogres
  A wolf (Lair:2)
  16 centaurs
  A phantom (D:4)
  12 bullfrogs
  A gnoll sergeant (D:11)
  2 scorpions
  12 wights
  7 electric eels
  A human zombie (D:6)
  6 lava snakes (Volcano)
  3 hounds
  2 gnoll boudas
  16 orc priests
  A sleepcap (D:7)
  An iguana (D:6)
  Natasha (twice) (D:3)
  25 orc wizards
  5 hell rats (Lair:3)
  2 hound skeletons (D:3)
  20 gnolls
  7 adders
  A hound simulacrum (D:3)
  2 white imps (D:7)
  A spectral adder (D:3)
  An adder zombie (D:3)
  2 worms (D:2)
  51 orcs
  6 bats
  2 endoplasms
  9 giant cockroaches
  7 goblins
  4 hobgoblins
  4 jackals (D:4)
  6 quokkas
  12 ball pythons
  8 frilled lizards
  11 kobolds
  9 rats
  A bush (D:10)
584 creatures vanquished.

Vanquished Creatures (collateral kills)
  A hydra (Lair:2)
  A two-headed ogre (D:10)
  A manticore (D:9)
3 creatures vanquished.

Vanquished Creatures (others)
  7 fungi
  45 plants
  21 withered plants (D:3)
73 creatures vanquished.

Grand Total: 660 creatures vanquished

Notes
Turn   | Place    | Note
-------+----------+-------------------------------------------
     0 | D:1      | Firecrotchwizard the Vine Stalker Monk began the quest for
                  | the Orb.
     0 | D:1      | Reached XP level 1. HP: 11/11 MP: 2/2
    29 | D:1      | Found Kuterrik's Weapon Emporium.
   205 | D:1      | Reached XP level 2. HP: 16/16 MP: 3/3
   228 | D:1      | Found Qiffoez's Assorted Antiques.
   263 | D:1      | Found a faded altar of an unknown god.
   487 | D:1      | Found Osur's Assorted Antiques.
   540 | D:1      | Found Xuadag's Assorted Antiques.
   860 | D:1      | Found Suis Tom's Book Shop.
  1046 | D:2      | Reached skill level 3 in Stealth
  1046 | D:2      | Reached XP level 3. HP: 18/19 MP: 2/4
  1062 | D:2      | Reached skill level 3 in Fighting
  1907 | D:3      | Reached skill level 4 in Unarmed Combat
  2024 | D:3      | Gained mutation: Your natural rate of healing is unusually
                  | fast. [Vine Stalker growth]
  2024 | D:3      | Reached XP level 4. HP: 21/24 MP: 5/5
  2253 | D:3      | Noticed Natasha
  2512 | D:3      | Found a glowing drain.
  2537 | D:3      | Reached XP level 5. HP: 28/28 MP: 6/6
  2538 | Sewer    | Entered a sewer
  2559 | Sewer    | Noticed Pargi
  2580 | Sewer    | Killed Pargi
  2581 | Sewer    | Reached skill level 4 in Stealth
  2581 | Sewer    | Reached skill level 5 in Unarmed Combat
  2646 | Sewer    | Reached XP level 6. HP: 33/33 MP: 7/7
  2845 | D:3      | Killed Natasha
  2908 | D:3      | Found a burning altar of Makhleb.
  2921 | D:3      | Became a worshipper of Makhleb the Destroyer
  2921 | D:3      | Reached * piety under Makhleb
  2921 | D:3      | Reached ** piety under Makhleb
  3123 | D:3      | Identified the +1 dagger of the Yoke {pain, SInv}
  3189 | D:3      | Noticed Natasha
  3197 | D:3      | Killed Natasha
  3283 | D:4      | Reached skill level 4 in Fighting
  3384 | D:4      | Reached skill level 1 in Invocations
  3427 | D:4      | Reached XP level 7. HP: 37/37 MP: 7/9
  3477 | D:4      | Found an ornate altar of the Wu Jian Council.
  3551 | D:4      | Reached skill level 6 in Unarmed Combat
  3896 | D:4      | HP: 9/37 [gnoll/+0 spear[a gnoll bouda] (5)]
  3920 | D:3      | Reached skill level 2 in Invocations
  4077 | D:5      | Entered Level 5 of the Dungeon
  4079 | D:5      | Identified 2 scrolls of acquirement
  4079 | D:5      | Acquired the ring "Myummuph" {rC++ AC+4 Int+3}
  4081 | D:5      | Acquired the +2 cloak of Nigaonor {rC+ Will+}
  4232 | D:5      | Found a broken altar of Ashenzari.
  4396 | D:5      | Noticed Edmund
  4593 | D:5      | Gained mutation: You have razor-sharp teeth. [Vine Stalker
                  | growth]
  4593 | D:5      | Reached XP level 8. HP: 38/42 MP: 9/11
  4803 | D:5      | Found Xatzigud's Distillery.
  4813 | D:5      | Bought a potion of haste for 150 gold pieces
  4953 | D:5      | Killed Edmund
  4954 | D:5      | Reached skill level 7 in Unarmed Combat
  4954 | D:5      | Reached skill level 3 in Invocations
  5071 | D:5      | Found a stormy altar of Qazlal.
  5071 | D:5      | Found a glowing silver altar of Zin.
  5071 | D:5      | Found a hazy altar of Hepliaklqana.
  5210 | D:6      | Found Resum's Book Emporium.
  5294 | D:6      | Found a staircase to the Ecumenical Temple.
  5295 | D:6      | Noticed Sigmund
  5308 | D:6      | Killed Sigmund
  5309 | D:6      | Reached skill level 5 in Fighting
  5341 | D:6      | Found a glowing golden altar of the Shining One.
  5390 | D:6      | Reached *** piety under Makhleb
  5597 | D:6      | Reached skill level 8 in Unarmed Combat
  5597 | D:6      | Reached skill level 4 in Invocations
  5696 | D:6      | Found a runed translucent door.
  5699 | D:6      | Found a basalt altar of Yredelemnul.
  5765 | D:6      | Reached XP level 9. HP: 44/48 MP: 11/13
  5977 | D:6      | Found an iron altar of Okawaru.
  6200 | D:7      | Found Yjofutym's Magic Scroll Emporium.
  6366 | D:7      | Found Wunefo's Distillery.
  6378 | D:7      | Found Dej Ixku's Antique Weapon Emporium.
  6390 | D:7      | Reached skill level 6 in Fighting
  6477 | D:7      | Reached skill level 9 in Unarmed Combat
  6491 | D:7      | Reached skill level 5 in Invocations
  7111 | D:8      | Reached **** piety under Makhleb
  7133 | D:8      | Reached skill level 10 in Unarmed Combat
  7288 | D:8      | Learned a level 2 spell: Blink
  7488 | D:9      | Noticed a wizard
  7488 | D:9      | Noticed a manticore
  7489 | D:9      | Noticed a centaur warrior
  7546 | D:9      | Found an opulent altar of Gozag.
  7549 | D:9      | Found a sparkling altar of Nemelex Xobeh.
  7551 | D:9      | Found a white marble altar of Elyvilon.
  7725 | D:9      | Found the +8 Vampire's Tooth {megavamp}
  7766 | D:9      | Noticed a two-headed ogre
  7783 | D:9      | Killed a two-headed ogre
  7784 | D:9      | Reached skill level 7 in Fighting
  7784 | D:9      | Reached skill level 6 in Invocations
  7784 | D:9      | Reached XP level 10. HP: 34/55 MP: 9/15
  7861 | D:9      | Noticed a two-headed ogre
  7866 | D:9      | Killed a two-headed ogre
  7939 | D:9      | Noticed a manticore
  7946 | D:9      | Killed a manticore
  7947 | D:9      | Reached skill level 11 in Unarmed Combat
  8451 | D:9      | Found a radiant altar of Vehumet.
  8553 | D:10     | Entered Level 10 of the Dungeon
  8610 | D:10     | Noticed Erica
  8623 | D:10     | Killed Erica
  8624 | D:10     | Reached skill level 7 in Invocations
  8693 | D:10     | Found a blossoming altar of Fedhas.
  8706 | D:10     | Noticed a two-headed ogre
  8712 | D:10     | Killed a two-headed ogre
  8811 | D:10     | Found a staircase to the Lair.
  8894 | D:10     | Found a staircase to the Orcish Mines.
  8928 | D:10     | Reached skill level 8 in Fighting
  8933 | D:10     | Reached skill level 12 in Unarmed Combat
  8933 | D:10     | Reached XP level 11. HP: 55/60 MP: 13/17
 10159 | D:11     | Noticed a boulder beetle
 10180 | D:11     | Killed a boulder beetle
 10322 | D:11     | Reached skill level 8 in Invocations
 11404 | D:13     | Noticed a manticore
 11472 | D:13     | Found a large runed translucent door.
 11472 | D:13     | Found a large runed translucent door.
 11473 | D:13     | Found a corrupted altar of Lugonu.
 11473 | D:13     | Noticed a green ugly thing
 11473 | D:13     | Noticed a green ugly thing
 11480 | D:13     | Noticed a red ugly thing
 11481 | D:13     | Identified the +1 dagger "Domif" {distort, rC+ Int+2}
 11481 | D:13     | Identified the +0 robe of Disappointment {rCorr Str-2
                  | Dex+2}
 11553 | D:13     | Noticed a two-headed ogre
 11554 | D:13     | Noticed a two-headed ogre
 11559 | D:13     | Noticed an ogre mage
 11603 | D:13     | Found a one-way gate to the infinite horrors of the Abyss.
 11761 | Lair:1   | Entered Level 1 of the Lair of Beasts
 11889 | Lair:1   | Reached skill level 13 in Unarmed Combat
 12030 | Lair:1   | Reached skill level 9 in Fighting
 12139 | Lair:1   | You fall into a shaft and drop 1 floor!
 12623 | Lair:2   | Noticed a seven-headed hydra
 12631 | Lair:2   | Killed a seven-headed hydra
 12632 | Lair:2   | Reached skill level 9 in Invocations
 12632 | Lair:2   | Reached XP level 12. HP: 51/66 MP: 19/19
 12645 | Lair:2   | Noticed an eight-headed hydra
 12652 | Lair:2   | Killed an eight-headed hydra
 12704 | Lair:2   | Reached skill level 14 in Unarmed Combat
 12935 | Lair:2   | Found a staircase to the Snake Pit.
 13806 | D:1      | Bought a polished troll leather armour for 520 gold pieces
 13806 | D:1      | Identified the +7 troll leather armour of Context {rF+
                  | Regen+ Int+5} (You bought it in a shop on level 1 of the
                  | Dungeon)
 14283 | Lair:3   | Reached skill level 10 in Fighting
 14297 | Lair:3   | Reached skill level 10 in Invocations
 14313 | Lair:3   | Reached skill level 15 in Unarmed Combat
 14437 | Lair:3   | Noticed Snorg
 14566 | Lair:3   | Reached XP level 13. HP: 72/72 MP: 18/21
 14662 | Lair:3   | Reached ***** piety under Makhleb
 14789 | Lair:3   | Found a staircase to the Shoals.
 15262 | Lair:3   | Killed Snorg
 15626 | Lair:4   | Reached skill level 16 in Unarmed Combat
 15920 | Lair:4   | Reached skill level 11 in Invocations
 16228 | Lair:5   | Entered Level 5 of the Lair of Beasts
 16303 | Lair:4   | Reached skill level 11 in Fighting
 16422 | Lair:5   | Found a staircase to the Slime Pits.
 16435 | Lair:5   | Found a viscous altar of Jiyva.
 16704 | Lair:5   | HP: 17/74 [snapping turtle (9)]
 16798 | Lair:5   | HP: 15/74 [drowned by a drowned soul[a merfolk avatar]
                  | (11)]
 16799 | Lair:5   | HP: 3/74 [drowned by a drowned soul[a merfolk avatar] (14)]
 16918 | Lair:5   | Identified the ring of Naphoar {Fire Int+5 Dex+2 Stlth+}
 16926 | Lair:5   | Identified the +0 ring mail "Jaubrag" {rElec Str-4 Slay+4}
 16968 | Lair:5   | Reached XP level 14. HP: 74/79 MP: 18/23
 16986 | Lair:5   | Reached skill level 17 in Unarmed Combat
 17319 | Lair:5   | Noticed a dire elephant
 17352 | Lair:5   | Killed a dire elephant
 17833 | D:13     | Reached skill level 12 in Invocations
 17907 | D:13     | Found a gate to the Vaults.
 18564 | D:14     | Found a portal to a secret trove of treasure.
 18592 | D:14     | Reached skill level 12 in Fighting
 18613 | D:14     | Reached ****** piety under Makhleb
 18791 | D:14     | Reached skill level 18 in Unarmed Combat
 19204 | D:14     | Found a transporter.
 19208 | D:14     | Noticed Rudyous's ghost (journeyman GnCj)
 19320 | D:14     | Found a transporter.
 19429 | D:15     | Entered Level 15 of the Dungeon
 19517 | D:15     | Acquired 760 gold pieces
 20125 | D:15     | Reached XP level 15. HP: 85/85 MP: 25/25
 20384 | D:15     | Reached skill level 13 in Invocations
 20386 | D:15     | Found a staircase to the Depths.
 20655 | Orc:1    | Entered Level 1 of the Orcish Mines
 20655 | Orc:1    | Found Figriol's Armour Shop.
 20669 | Orc:1    | Bought a +1 pair of boots of rampaging for 231 gold pieces
 20909 | Orc:1    | Found a dark tunnel.
 20920 | Volcano  | Entered a volcano
 21160 | Volcano  | Found a bloodstained altar of Trog.
 21479 | Orc:2    | Entered Level 2 of the Orcish Mines
 21684 | Orc:2    | Found a staircase to the Elven Halls.
 21699 | Orc:2    | Reached skill level 19 in Unarmed Combat
 21852 | Orc:2    | Found Modifung's Weapon Shoppe.
 21881 | Orc:2    | Found Zeyxt's Magic Scroll Shoppe.
 21883 | Orc:2    | Found Usoyxtem's Distillery.
 21883 | Orc:2    | Found Qeecoedd's Antique Weapon Boutique.
 22241 | Orc:2    | Reached skill level 13 in Fighting
 22312 | Orc:2    | Bought a scroll of identify for 28 gold pieces
 22312 | Orc:2    | Bought a scroll of identify for 28 gold pieces
 22581 | Shoals:1 | Entered Level 1 of the Shoals
 22628 | Shoals:1 | Reached skill level 1 in Armour
 22665 | Shoals:1 | Found Udaheli's Self-Improvement Boutique.
 22688 | Shoals:1 | Reached skill level 3 in Dodging
 22737 | Shoals:1 | Bought a manual of Fighting for 1120 gold pieces
 22880 | Shoals:1 | Reached skill level 2 in Armour
 23312 | Shoals:1 | Reached skill level 14 in Invocations
 23345 | Shoals:1 | HP: 19/86 [wind drake/the air (8)]
 23346 | Shoals:1 | Reached skill level 3 in Armour
 23519 | Shoals:1 | Reached XP level 16. HP: 75/92 MP: 21/27
 23521 | Shoals:1 | HP: 18/92 [poisoned by a sea snake]
 23522 | Shoals:1 | HP: 5/92 [poisoned by a sea snake]
 23522 | Shoals:1 | HP: 2/92 [sea snake (3)]
 23523 | Shoals:1 | Succumbed to a sea snake's poison

Illustrated notes

Levels and vault maps discovered:
D:1:      kennysheep_arrival_forest, layout_loops_corners,
          chequers_ecumenical_altar_simple, serial_shops, shop_statue,
          shop_fountains, shop, nicolae_shop_bloodbath_and_beyond, shop_statue
D:2:      layout_loops_corners, st_stairs_5
D:3:      layout_basic, bloody_makhleb, gup_sewer_entry_pipe,
          dilly_guarded_unrand_morg
D:4:      layout_rooms, mainiacjoe_overflow_paths, uniq_natasha
D:5:      layout_loops_cross, nicolae_ashenzari_panopticon,
          gammafunk_temple_overflow_claw, serial_shops, nicolae_lakefront_shop,
          uniq_edmund
D:6:      layout_cave_pods, general_overflow_altar, dk_yredelemnul_ordeal,
          overflow_temple_1_default, minmay_temple_entry_ruins, serial_shops,
          shop, hangedman_decor_riveting, hangedman_decor_growths,
          serial_park_tiny_pond, uniq_sigmund
D:7:      layout_loops_ring, serial_shops, nicolae_shop_waterfront,
          nicolae_shop_trees, shop, enter_bailey_7
D:8:      layout_rooms
D:9:      layout_basic, nicolae_overflow_quartered_altars,
          onia_ninara_dug_in_and_dangerous
D:10:     layout_cave_pods, fedhas_bush_and_centaur_altar, lair_entry_dummy,
          minmay_orc_entry_temple_small, uniq_erica
D:11:     wander_river, layout_basic, minmay_misc_feat_square
D:12:     layout_basic, dk_noncrumbling_4
D:13:     due_chaos_kobolds, layout_irregular_city, david_vaults_2
D:14:     layout_rooms, gammafunk_ghost_hive, enter_trove_2, chequers_jeans,
          serial_bayou, serial_bayou_lake_a, serial_bayou_shore_b,
          serial_bayou_lagoon_b, serial_bayou_pond_b
D:15:     grunt_enter_depths_hoard, layout_long_grid, serial_bayou_pond_c
Lair:1:   layout_roguey
Lair:2:   layout_roguey, nicolae_snake_entry_squirm, nzn_random_ring
Lair:3:   layout_cave_pods, minmay_shoals_entry_centaurs, special_room
          [special_room_mythical_zoo], uniq_snorg
Lair:4:   layout_loops_ring, minmay_holes, dreamdust_deal_with_the_devil,
          serial_bayou_shore_a
Lair:5:   gammafunk_lair_ancient_temple, layout_cave_shapes, slime_entry_1,
          nicolae_quartered_pool_little
Shoals:1: layout_shoals, nicolae_shop_self_help
Orc:1:    layout_caves, nicolae_volcano_entry_lava_flow, serial_shops, shop,
          basic_altar
Orc:2:    st_orc_elflike, layout_diamond_mine, basic_altar

Skill      XL: |  1  2  3  4  5  6  7  8  9 10 11 12 13 14 15 |
---------------+----------------------------------------------+-----
Stealth        | 3 4 |  4.5
Fighting       | 3 4 5 7 8 9 10 11 12 13 | 13.6
Unarmed Combat | 4 5 6 8 10 12 13 15 16 18 19 | 19.2
Invocations    | 1 2 4 6 7 9 10 11 12 14 | 14.0
Armour         | 3 |  3.1
Dodging        | 3 |  3.1

Action                     |  1- 3 |  4- 6 |  7- 9 | 10-12 | 13-15 | 16-18 || total
---------------------------+-------+-------+-------+-------+-------+-------++-------
  Melee: Unarmed           |   120 |   199 |   391 |   511 |  1144 |     4 ||  2369
         Bite              |    35 |    56 |   143 |   213 |   472 |     1 ||   920
         Punch             |     2 |     4 |    19 |    48 |   167 |       ||   240
  Throw: Throwing net      |       |       |     1 |       |       |       ||     1
 Invoke: Lesser Servant of |       |       |       |     3 |     2 |       ||     5
         Major Destruction |       |       |       |       |     5 |       ||     5
  Evoke: Wand              |       |       |       |     1 |     2 |       ||     3
         Condenser vane    |       |       |       |       |     1 |       ||     1
    Use: Scroll            |       |       |    17 |    11 |    11 |       ||    39
   Stab: Sleeping          |    10 |     5 |     6 |     9 |     9 |       ||    39
         Distracted        |       |     1 |       |     1 |     3 |       ||     5
         Fleeing           |       |       |       |       |     1 |       ||     1
 Armour: Robe              |    15 |     2 |       |       |       |       ||    17
         Ring mail         |       |    55 |       |       |       |       ||    55
         Troll leather arm |       |    38 |   166 |   210 |   721 |     1 ||  1136
  Dodge: Dodged            |    62 |   116 |   244 |   232 |   693 |     1 ||  1348

Table legend: (Time is in decaauts)
 A = Elapsed time spent in this place.
 B = Non-inter-level travel time spent in this place.
 C = Inter-level travel time spent in this place.
 D = Time resting spent in this place.
 E = Time spent auto-exploring this place.
 F = Levels seen in this place.
 G = Mean time per level.
                   A        B        C        D        E       F      G
               +--------+--------+--------+--------+--------+-----+--------+
         Total |  23135 |  21417 |   1718 |   1429 |  15252 |  25 |  925.4 |
       Dungeon |  15108 |  13909 |   1199 |    661 |  10422 |  15 | 1007.2 |
          Lair |   5216 |   4788 |    428 |    191 |   3491 |   5 | 1043.2 |
        Shoals |    915 |    915 |      0 |    374 |    290 |   1 |  915.0 |
  Orcish Mines |   1313 |   1223 |     90 |    202 |    725 |   2 |  656.5 |
         Sewer |    170 |    170 |      0 |      0 |     95 |   1 |  170.0 |
       Volcano |    411 |    411 |      0 |      0 |    228 |   1 |  411.0 |
               +--------+--------+--------+--------+--------+-----+--------+

Top non-repeatable levels by time:
     D:3: 1358 daAuts
  Lair:3: 1277 daAuts
    D:11: 1217 daAuts
     D:5: 1155 daAuts
  Lair:5: 1126 daAuts
    D:14: 1103 daAuts
    D:15: 1078 daAuts
     D:9: 1076 daAuts
    D:10: 1036 daAuts
  Lair:2: 1019 daAuts
  Lair:4: 1000 daAuts
     D:6: 999 daAuts
    D:13: 994 daAuts
     D:7: 984 daAuts
     D:1: 966 daAuts

Table legend:
 A = Kills in this place as a percentage of kills in the entire game.
 B = Kills by you in this place as a percentage of kills by you in the entire game.
 C = Kills by friends in this place as a percentage of kills by friends in the entire game.
 D = Other kills in this place as a percentage of other kills in the entire game.
 E = Experience gained in this place as a percentage of experience gained in the entire game.
 F = Experience gained in this place divided by the number of levels of this place that you have seen.
                   A       B       C       D       E      F
               +-------+-------+-------+-------+-------+----------------------
         Total | 100.0 | 100.0 | 100.0 |   N/A | 100.0 | 5157.4
       Dungeon |  51.8 |  51.7 |  66.7 |   N/A |  36.4 | 3129.9
          Lair |  26.5 |  26.5 |  33.3 |   N/A |  34.8 | 8967.2
        Shoals |   5.8 |   5.8 |   0.0 |   N/A |  13.6 | 17596.0
  Orcish Mines |  12.3 |  12.4 |   0.0 |   N/A |  10.2 | 6554.5
         Sewer |   1.0 |   1.0 |   0.0 |   N/A |   0.1 | 162.0
       Volcano |   2.6 |   2.6 |   0.0 |   N/A |   4.9 | 6284.0
               +-------+-------+-------+-------+-------+----------------------
